 Dungeon Crawl Stone Soup version 0.29.1-12-g30fa7ad0bf (webtiles) character file.

Game seed: 3675708719326146919

96 Alfie the Covered (level 4, -13/40 HPs)
             Began as a Hill Orc Fighter on Dec 14, 2022.
             Killed by divine providence
             ... invoked by an orc priest
              (16 damage)
             ... on level 3 of the Dungeon.
             The game lasted 00:04:26 (2519 turns).

Alfie the Covered (Hill Orc Fighter)                Turns: 2519, Time: 00:04:27

Health: -13/40     AC:  7    Str: 20    XL:     4   Next: 67%
Magic:  4/4        EV: 13    Int:  8    God:
Gold:   53         SH:  4    Dex: 10    Spells: 3/3 levels left

rFire   . . .      SeeInvis .   a - +0 rapier
rCold   . . .      Faith    .   c - +0 buckler
rNeg    . . .      Spirit   .   b - +0 scale mail
rPois   .          Reflect  .   (no helmet)
rElec   .          Harm     .   (no cloak)
rCorr   .          Rampage  .   (no gloves)
Will    .....                   (no boots)
Stlth   ..........              (no amulet)
HPRegen 0.13/turn               j - +4 ring of evasion
MPRegen 0.09/turn               (no ring)

@: no status effects
A: no striking features
a: Convert to Beogh


You were on level 3 of the Dungeon.
You visited 1 branch of the dungeon, and saw 3 of its levels.

You collected 53 gold pieces.

Inventory:

Hand Weapons
 a - a +0 rapier (weapon)
Armour
 b - a +0 scale mail (worn)
 c - a +0 buckler (worn)
Jewellery
 j - a +4 ring of evasion (left hand)
 l - an amulet of regeneration
Scrolls
 f - a scroll of identify
 h - 2 scrolls of amnesia
 k - a scroll of teleportation {unknown}
Potions
 d - a potion of might
 e - a potion of mutation
 g - 3 potions of curing {unknown}
 m - a potion of flight {unknown}


   Skills:
 + Level 4.1 Fighting
 + Level 3.1 Short Blades
 + Level 4.1 Armour
 + Level 0.9 Dodging
 + Level 0.2 Stealth
 + Level 3.5 Shields


You had 3 spell levels left.
You didn't know any spells.
Your spell library contained the following spells:

 Spells                   Type           Power      Damage    Failure   Level
 Sandblast                Erth           0%         2d4       85%         1
 Passwall                 Tmut/Erth      0%         N/A       94%         2
 Stone Arrow              Conj/Erth      0%         3d7       99%         3


Dungeon Overview and Level Annotations

Branches:
Dungeon (3/15)

Altars:


Message History

The orc priest looks satisfied for a moment.
The orc priest invokes the aid of Beogh against you.
Beogh smites you!
You hear a shout!
The orc priest begins to cast a cantrip, but forgets the words!
The orc priest calls down the wrath of Beogh upon you.
Pain shoots through your body!
The orc priest mumbles some strange prayers to Beogh against you.
You barely resist.
The orc priest looks satisfied for a moment.
An orc comes into view. It is wielding a +3 whip of holy wrath.
The orc shouts!
You hit the orc.
The orc is almost dead.
The orc priest casts a cantrip, but nothing happens.
You block the orc's attack.
You completely miss the orc.
The orc is almost dead.
The orc barely misses you.
You hit the orc.
You kill the orc!
The orc priest calls down the wrath of Beogh upon you.
Beogh smites you!
* * * LOW HITPOINT WARNING * * *
You see here a +0 mace.
You hit the orc priest.
The orc priest is heavily wounded.
The orc priest threatens, "By the altar or by the axe, you will meet Beogh!"
The orc priest hits you but does no damage.
The orc priest shouts, "Surrender to Beogh and we'll let you live!"
You hit the orc priest but do no damage.
The orc priest is heavily wounded.
The orc priest hits you with a +0 hand axe.
* * * LOW HITPOINT WARNING * * *
The orc barely misses you.
You hit the orc priest but do no damage.
The orc priest is heavily wounded.
The orc priest mumbles some strange prayers to Beogh against you.
Beogh smites you!
You die...

##### #...# #...# ####
#...#### ..# ####.......
. # #.# #..........
....#.###o#####......?...
........@o...............
##....#####..............
#### ####....##.....
####..###### ##.####
######....### .
#............ ...
#............
.....##.oo.......).


You could see an orc priest and an orc.

Vanquished Creatures
  3 adders
  A worm (D:2)
  2 dart slugs
  2 orcs (D:3)
  8 bats
  6 endoplasms
  2 giant cockroaches
  5 hobgoblins
  11 jackals
  4 ball pythons
  2 frilled lizards (D:1)
  3 goblins
  2 kobolds
  4 rats
55 creatures vanquished.

Notes
Turn   | Place    | Note
-------+----------+-------------------------------------------
     0 | D:1      | Alfie the Hill Orc Fighter began the quest for the Orb.
     0 | D:1      | Reached XP level 1. HP: 19/19 MP: 1/1
   229 | D:1      | Reached XP level 2. HP: 26/27 MP: 2/2
   269 | D:1      | Found a faded altar of an unknown god.
   797 | D:1      | Reached XP level 3. HP: 24/33 MP: 3/3
  1856 | D:2      | Reached XP level 4. HP: 39/40 MP: 4/4
  2519 | D:3      | Killed from afar by an orc priest

Illustrated notes

Levels and vault maps discovered:
D:1:      minmay_arrival_checkered_box, layout_basic,
          ebering_ecumenical_altar_abandoned, glass_columns_a,
          chequers_serial_rivers_room_a, st_stairs_10, dreamdust_princess_bridge
D:2:      layout_loops_corners
D:3:      layout_basic

Skill      XL: |  1  2  3  4 |
---------------+-------------+-----
Armour         | 4 |  4.1
Short Blades   | 3 |  3.1
Fighting       | 4 |  4.1
Dodging        | |  0.9
Stealth        | |  0.2
Shields        | |  3.5

Action                   |  1- 3 |  4- 6 || total
-------------------------+-------+-------++-------
Melee: Rapier            |   139 |    82 ||   221
  Use: Scroll            |     3 |     2 ||     5
Armor: Scale mail        |    73 |    46 ||   119
Dodge: Dodged            |   102 |    83 ||   185
Block: Buckler           |    32 |    27 ||    59
